 Dungeon Crawl Stone Soup version 0.31.0-4-g52a2dc7128 (webtiles) character file.

Game seed: 3130440477502568269

408 gohu the Cleaver (level 6, -2/53 HPs)
             Began as a Hill Orc Fighter on Jan 21, 2024.
             Was a Follower of Beogh.
             Slain by an ogre
             ... wielding a +0 giant club
              (11 damage)
             ... on level 6 of the Dungeon.
             The game lasted 00:10:46 (3328 turns).

gohu the Cleaver (Hill Orc Fighter)                 Turns: 3328, Time: 00:10:47

Health: -2/53      AC: 13    Str: 21    XL:     6   Next: 88%
Magic:  6/6        EV:  8    Int:  8    God:    Beogh [*.....]
Gold:   63         SH:  4    Dex: 10    Spells: 5/5 levels left

rFire   . . .        a - +0 war axe
rCold   . . .        c - +0 buckler
rNeg    . . .        w - +0 chain mail
rPois   .            m - +2 helmet
rElec   .            i - scarf {shadows}
rCorr   .            (no gloves)
SInv    +            v - +0 pair of boots
Will    .....        r - amulet of the acrobat Stlth
                     u - ring of see invisible
HPRegen 0.28/turn    (no ring)
MPRegen 0.10/turn

%: acrobat
@: no status effects
A: no striking features
a: Renounce Religion


You were on level 6 of the Dungeon.
You worshipped Beogh.
Beogh was aware of your devotion.
You visited 1 branch of the dungeon, and saw 6 of its levels.
You also visited: Ossuary.

You collected 158 gold pieces.
You spent 95 gold pieces at shops.

Inventory:

Hand Weapons
 a - a +0 war axe (weapon)
Missiles
 q - 2 javelins (quivered)
Armour
 b - a +0 scale mail
 c - a +0 buckler (worn)
 i - a scarf of shadows (worn)
 m - a +2 helmet (worn)
 v - a +0 pair of boots (worn)
 w - a +0 chain mail (worn)
Jewellery
 r - an amulet of the acrobat (around neck)
 u - a ring of see invisible (left hand)
Scrolls
 e - 4 scrolls of identify
 f - a scroll of immolation
 o - a scroll of fog {unknown}
 p - 2 scrolls of amnesia
 s - 3 scrolls of teleportation
 t - a scroll of enchant weapon
 x - 2 scrolls of poison
 y - a scroll of summoning {unknown}
 B - 3 scrolls of brand weapon {unknown}
 C - a scroll of fear {unknown}
Potions
 d - a potion of might
 g - 3 potions of curing
 h - 2 potions of haste {unknown}
 j - a potion of heal wounds {unknown}
 k - a potion of enlightenment {unknown}
 l - a potion of brilliance {unknown}
 n - 3 potions of ambrosia {unknown}
 z - a potion of mutation
 A - a potion of attraction {unknown}


   Skills:
 + Level 4.4 Fighting
 * Level 8.0 Axes
 + Level 4.1 Armour
 + Level 3.8 Shields


You had 5 spell levels left.
You didn't know any spells.
Your spell library was empty.

Dungeon Overview and Level Annotations

Branches:
Dungeon (6/15)            Ossuary (visited)
 Temple: D:4-7

Altars:
Gozag

Shops:
D:4 :??[

Portals:
Abyss: D:4

Annotations:
D:3 3 runed translucent doors, Konrad's ghost, weakling MiHu
D:4 2 transporters, Suckerboh's ghost, amateur HORe


Message History

Press: ? - help, Q - select action Shift-Dir - straight line, f/p - ogre
Aim: an ogre, wielding a +0 giant club (lightly wounded, 71% to hit)
You throw a javelin. The javelin barely misses the ogre.
The ogre hits you with a +0 giant club!
You barely miss the ogre.
The ogre is lightly wounded.
You hit the ogre.
The ogre is moderately wounded.
The ogre hits you with a +0 giant club!
You barely miss the ogre.
The ogre is moderately wounded.
The ogre hits you with a +0 giant club!
You are too injured to fight recklessly!
You are too injured to fight recklessly!
You are too injured to fight recklessly!
You barely miss the ogre.
The ogre is moderately wounded.
You block the ogre's attack.
You hit the ogre.
The ogre is moderately wounded.
You hit the ogre.
The ogre is moderately wounded.
The ogre misses you.
It was a potion of curing.
You feel better. The ogre closely misses you.
You barely miss the ogre.
The ogre is moderately wounded.
The ogre hits you with a +0 giant club.
You slash the ogre!
The ogre is severely wounded.
You closely miss the ogre.
The ogre is severely wounded.
The ogre barely misses you.
You hit the ogre.
The ogre is severely wounded.
The ogre hits you with a +0 giant club!
* * * LOW HITPOINT WARNING * * *
You hit the ogre but do no damage.
The ogre is severely wounded.
The ogre hits you with a +0 giant club!
You die...

#.......# **,,,,, #......##
**,,,, #......# **,,, #.....##
*** **,, ##.....## ***,** **,
#########≈......# **,,,,** **
.........≈...≈≈.# ***,,,,,,** *
.......≈≈~..≈~..###*,,,,,,,,,****
.....~≈....≈~...@.#,,,,,,,,,,,**,
......≈≈........O......,,,,,,,,,,
.......≈≈≈.............,,,,,,,,,,
....#####≈≈≈.#.##......,,,,,,,,**
......######.#.≈....<..,,,,,,,**
.......# #..≈≈.......,,,,,,,***
.......# *#.#~*#.(...,,,,*,,,,,
......## ********,,,,,,***,,,*
......# ***** ****,,****,*,,


You could see an ogre.

Vanquished Creatures
  2 weeping skulls (Ossuary)
  A bombardier beetle (D:4)
  A centaur zombie (Ossuary)
  A hound (D:6)
  An iguana (D:6)
  An orc wizard (D:5)
  3 mummies (Ossuary)
  2 adders (D:2)
  A gnoll (D:1)
  A ribbon worm (D:3)
  2 dart slugs (D:2)
  7 orcs
  2 endoplasms
  2 giant cockroaches
  2 gnoll zombies (Ossuary)
  7 goblins
  5 hobgoblins
  A jackal (D:3)
  2 quokkas
  6 ball pythons
  7 bats
  3 kobolds (D:1)
  2 kobold zombies (Ossuary)
  3 orc zombies (Ossuary)
  2 rats
67 creatures vanquished.

Notes
Turn   | Place    | Note
-------+----------+-------------------------------------------
     0 | D:1      | gohu the Hill Orc Fighter began the quest for the Orb.
     0 | D:1      | Reached XP level 1. HP: 19/19 MP: 1/1
   176 | D:1      | Reached XP level 2. HP: 27/27 MP: 2/2
   196 | D:1      | Reached skill level 3 in Axes
   255 | D:2      | Reached XP level 3. HP: 27/33 MP: 3/3
   859 | D:2      | Reached skill level 4 in Axes
   876 | D:3      | Became a worshipper of Beogh the Brigand
   940 | D:3      | Identified the +9 falchion of Accidental Termination
                  | {drain, Int+2}
  1313 | D:3      | Found a runed translucent gate.
  1315 | D:3      | Found a runed translucent gate.
  1315 | D:3      | Found an opulent altar of Gozag.
  1316 | D:3      | Found a runed translucent gate.
  1317 | D:3      | Noticed Konrad's ghost (weakling MiHu)
  1405 | D:3      | Found a faded altar of an unknown god.
  1520 | D:2      | Reached XP level 4. HP: 39/40 MP: 4/4
  2052 | D:5      | Entered Level 5 of the Dungeon
  2106 | D:4      | Reached skill level 5 in Axes
  2165 | D:4      | Reached XP level 5. HP: 39/46 MP: 5/5
  2220 | D:4      | Found a transporter.
  2224 | D:4      | Noticed a kobold brigand
  2224 | D:4      | Noticed an ancient zyme
  2228 | D:4      | Found a transporter.
  2233 | D:4      | Noticed a small abomination
  2234 | D:4      | Noticed Suckerboh's ghost (amateur HORe)
  2242 | D:4      | Found a one-way gate to the infinite horrors of the Abyss.
  2255 | D:4      | Noticed a small abomination
  2263 | D:4      | Noticed a small abomination
  2333 | D:4      | Found Jiulurac's Antique Armour Boutique.
  2402 | D:4      | Found Ciham's Magic Scroll Boutique.
  2407 | D:4      | Bought a scroll of identify for 20 gold pieces
  2407 | D:4      | Bought a scroll of enchant weapon for 75 gold pieces
  2453 | D:4      | Found Gianaugg's Book Shop.
  2458 | D:4      | Found Urix's Magic Scroll Emporium.
  2712 | D:5      | Found an opulent altar of Gozag.
  2754 | D:5      | Reached * piety under Beogh
  2827 | D:6      | Reached skill level 6 in Axes
  2901 | D:6      | Found a sand-covered staircase.
  2915 | Ossuary  | Entered an ossuary
  2953 | Ossuary  | Noticed a weeping skull
  2971 | Ossuary  | Killed a weeping skull
  2972 | Ossuary  | Reached XP level 6. HP: 48/52 MP: 6/6
  2977 | Ossuary  | Reached skill level 7 in Axes
  3204 | D:6      | Reached skill level 8 in Axes
  3328 | D:6      | Slain by an ogre

Illustrated notes

Levels and vault maps discovered:
D:1:      psy_arrival_statuary, layout_basic, chequers_serial_rivers_small_b,
          minmay_tetromino_t4
D:2:      layout_rooms
D:3:      layout_basic, ebering_ghost_gozag,
          dreamdust_ecumenical_altar_hidden_monk_grotto, st_stairs_7
D:4:      layout_basic, serial_shops, shop, shop, nicolae_shop_trees, shop,
          gammafunk_ghost_abyssal_escape, serial_bayou_crossing
D:5:      layout_basic, nicolae_gozag_seed_capital, mrwooster_statue_mirror,
          kennysheep_generic_room_3
D:6:      layout_cave_pods, nicolae_ossuary_entry_plus, grunt_decor_arrowhead,
          chequers_serial_rivers_small_b

Skill      XL: |  1  2  3  4  5  6 |
---------------+-------------------+-----
Axes           | 3 4 5 6 8 |  8.0
Fighting       | 4 |  4.4
Armour         | 4 |  4.1
Shields        | |  3.8

Action                     |  1- 3 |  4- 6 || total
---------------------------+-------+-------++-------
  Melee: War axe           |    93 |   100 ||   193
  Throw: Javelin           |     2 |     8 ||    10
 Invoke: Convert to Beogh  |     1 |       ||     1
    Use: Scroll            |       |     4 ||     4
         Potion            |       |     2 ||     2
 Armour: Scale mail        |    55 |    28 ||    83
         Chain mail        |       |    23 ||    23
  Dodge: Dodged            |    45 |    43 ||    88
  Block: Buckler           |    24 |    17 ||    41
